Map: 블루시프트 - 래더

Players

TYTY (TY)

  • Race: Terran Terran
  • League: Master
  • Spawn Location: 7:00

Classic - Winner!

  • Race: Protoss Protoss
  • League: Master
  • Spawn Location: 1:00

Event: IEM Season 13 - Katowice Server Qualifiers Asia 1

VOD

Have the link to the VOD?

Description

Time

  • Played on: Jan. 14, 2019, 6:22 a.m.
  • Length: 7:05

All games in this series

Show
View Real Time Build Order
Export as new Build Order

TYTY Terran 

Build Orders: Cyclone Opening 

Get SALT Encoding   

  12  0:00  SCV  
  13  0:12  SCV  
  14  0:17  Supply Depot  
  14  0:25  SCV  
  15  0:38  SCV  
  15  0:40  Barracks  
  16  0:45  Refinery  
  16  0:51  SCV  
  16  0:55  Refinery  
  17  1:03  SCV  
  18  1:15  SCV  
  19  1:27  Reaper  
  19  1:28  Orbital Command  
  20  1:42  Supply Depot  
  20  1:48  Factory  
  20  1:54  SCV  
  21  2:06  SCV  
  22  2:16  Command Center  
  22  2:18  SCV  
  22  2:21  Barracks Reactor  
  23  2:30  SCV  
  23  2:33  Factory Tech Lab  
  23  2:36  Starport  
  24  2:42  SCV  
  25  2:52  Cyclone  
  25  2:54  SCV  
  25  2:55  Supply Depot  
  29  2:58  Marine  
  29  3:01  Marine  
  31  3:16  Marine, SCV  
  31  3:19  Marine  
  34  3:27  Cloaking Field, Banshee  
  34  3:30  Factory Tech Lab  
  34  3:33  Orbital Command  
  37  3:36  SCV  
  37  3:38  Marine  
  37  3:40  Marine  
  40  3:48  SCV  
  41  3:50  Widow Mine  
  41  3:52  Orbital Command  
  43  3:56  Marine  
  43  3:58  Marine  
  46  4:02  SCV  
  46  4:05  Supply Depot  
  46  4:10  Banshee  
  46  4:13  Widow Mine  
  46  4:16  SCV  
  52  4:20  SCV  
  52  4:21  Marine  
  54  4:29  SCV  
  55  4:33  SCV  
  55  4:34  Supply Depot  
  56  4:41  Marine, SCV, Siege Tank  
  62  4:48  SCV  
  62  4:50  Supply Depot  
  62  4:54  SCV  
  62  4:55  Banshee  
  65  5:00  SCV  
  65  5:02  Marine  
  65  5:06  SCV  
  69  5:12  SCV  
  69  5:14  Command Center  
  69  5:17  Siege Tank  
  69  5:19  SCV  
  73  5:24  Marine x2  
  73  5:26  SCV  
  75  5:37  SCV  
  74  5:43  Marine x2  
  74  5:46  SCV  
  75  5:52  Siege Tank  
  75  5:53  SCV  
  77  6:03  Raven  
  77  6:04  Barracks  
  77  6:05  Barracks  
  77  6:06  SCV, Supply Depot  
  77  6:08  Engineering Bay  
  77  6:11  SCV  
  75  6:19  Barracks, Barracks Tech Lab  
  75  6:20  Barracks  
  75  6:21  SCV  
  75  6:24  Engineering Bay  
  76  6:26  Orbital Command  
  76  6:31  SCV  
  77  6:37  Factory Reactor, SCV  
  75  6:40  Refinery x2  
  75  6:42  Marine  
  75  6:43  SCV  
  77  6:48  Missile Turret  
  77  6:50  SCV  
  74  7:00  Starport Reactor  
Show
View Real Time Build Order
Export as new Build Order

Classic Protoss - Winner!

Build Orders: 1 Gate Expand, Oracle Opening 

Get SALT Encoding   

  12  0:00  Probe  
  13  0:12  Probe  
  14  0:18  Pylon  
  14  0:24  Probe  
  15  0:32  Probe  
  15  0:37  Gateway  
  15  0:40  Probe  
  16  0:46  Assimilator  
  17  0:51  Probe  
  18  1:03  Probe  
  20  1:24  Cybernetics Core  
  19  1:29  Nexus  
  21  1:42  Pylon  
  21  1:44  Probe  
  21  1:47  Assimilator  
  20  1:52  Adept  
  20  1:56  Probe  
  23  2:08  Probe  
  24  2:17  Warp Gate  
  24  2:18  Adept  
  24  2:20  Probe  
  27  2:32  Probe  
  27  2:35  Stargate  
  28  2:37  Probe  
  28  2:41  Probe  
  29  2:45  Probe  
  29  2:48  Stalker  
  29  2:49  Probe  
  33  2:55  Probe  
  35  2:59  Probe  
  36  3:07  Probe  
  36  3:11  Oracle, Probe  
  41  3:24  Probe  
  41  3:25  Probe  
  42  3:28  Gateway  
  42  3:29  Gateway  
  42  3:35  Pylon  
  42  3:37  Probe x2  
  44  3:43  Oracle  
  44  3:44  Pylon  
  44  3:49  Probe  
  44  3:51  Probe  
  49  3:57  Shield Battery  
  49  4:02  Probe  
  50  4:03  Probe, Shield Battery  
  51  4:17  Probe x2, Assimilator  
  51  4:20  Phoenix, Stalker  
  51  4:24  Stalker  
  59  4:27  Stalker  
  61  4:32  Pylon  
  61  4:34  Assimilator  
  61  4:38  Probe x2  
  61  4:41  Oracle  
  64  4:58  Pylon  
  66  5:05  Adept x3  
  70  5:08  Pylon  
  70  5:13  Nexus  
  70  5:35  Oracle  
  73  5:45  Stalker x3  
  73  5:48  Robotics Facility  
  78  5:55  Probe x2  
  78  6:06  Phoenix, Twilight Council  
  78  6:07  Probe x2  
  78  6:08  Forge  
  80  6:16  Stalker x2  
  86  6:20  Pylon x2  
  87  6:25  Probe x3  
  89  6:37  Probe  
  89  6:38  Observer, Probe x2  
  93  6:49  Pylon  

Tags
 
Add a new tag
Caveats
  • Supply blocks, unpowered buildings, or Contaminate may cause inaccurate times.
  • Supply counts are checked every 10 seconds.